 Dungeon Crawl Stone Soup version 0.22.1 (webtiles) character file.

8815 MalarOregon the Fighter (level 11, -15/89 HPs)
             Began as a Hill Orc Fire Elementalist on Sept 18, 2018.
             Was a Priest of Hepliaklqana.
             Demolished by an orc warrior (26 damage)
             ... in a bailey.
             The game lasted 00:38:32 (11424 turns).

MalarOregon the Fighter (HOFE)                     Turns: 11424, Time: 00:38:33

Health: -15/89     AC:  6    Str: 12    XL:     11   Next: 36%
Magic:  6/20       EV: 14    Int: 22    God:    Hepliaklqana [***...]
Gold:   520        SH:  4    Dex: 11    Spells: 10/22 levels left

rFire    + + +     SeeInvis +   a - +1 hand axe (chop)
rCold    + . .     Gourm    .   H - +0 buckler (curse)
rNeg     . . .     Faith    .   K - +2 robe {rC+ rF+}
rPois    .         Spirit   .   r - +2 hat {SInv}
rElec    .         Reflect  .   g - scarf {cloud immunity}
rCorr    +         Harm     .   (no gloves)
MR       .....                  (no boots)
Stlth    ++........             D - amulet "Font" {RegenMP rF++}
HPRegen  0.24/turn              E - +4 ring of intelligence
MPRegen  0.42/turn              s - ring of resist corrosion (curse)

@: very slightly contaminated
A: reduced essence
a: Recall Ancestor, Ancestor Identity, Transference, Renounce Religion


You were in a bailey.
You worshipped Hepliaklqana.
Hepliaklqana was most pleased with you.
You were not hungry.

You visited 1 branch of the dungeon, and saw 10 of its levels.
You also visited: Ossuary and Bailey.

You collected 520 gold pieces.

Inventory:

Hand Weapons
 a - a +1 hand axe of chopping (weapon)
   (You took it off an orc priest on level 7 of the Dungeon)
Armour
 g - a scarf of cloud immunity (worn)
   (You found it on level 1 of the Dungeon)
 q - a +0 scale mail
   (You found it on level 3 of the Dungeon)
 r - a +2 hat of see invisible (worn)
   (You found it on level 4 of the Dungeon)
 H - a cursed +0 buckler (worn)
   (You found it on level 6 of the Dungeon)
 K - a +2 robe of resistance (worn)
   (You took it off Psyche on level 8 of the Dungeon)
 O - a +0 shield of reflection
   (You took it off a gnoll sergeant on level 9 of the Dungeon)
Magical Staves
 b - an uncursed staff of fire
   (You took it off an orc on level 3 of the Dungeon)
Jewellery
 s - a cursed ring of resist corrosion (right hand)
   (You found it on level 4 of the Dungeon)
 D - the amulet "Font" (around neck) {RegenMP rF++}
   (You found it on level 6 of the Dungeon)

   [amulet of magic regeneration]

   It increases your magic regeneration.
   It greatly protects you from fire.
 E - a +4 ring of intelligence (left hand)
   (You found it on level 6 of the Dungeon)
Wands
 d - a wand of iceblast (7)
   (You took it off Ijyb on level 3 of the Dungeon)
 x - a wand of acid (6)
   (You took it off an orc on level 7 of the Dungeon)
 G - a wand of enslavement (27)
   (You found it on level 6 of the Dungeon)
Scrolls
 h - 2 scrolls of enchant armour
 j - a scroll of enchant weapon {unknown}
 k - 2 scrolls of identify {@r1}
 l - 2 scrolls of magic mapping
 m - 9 scrolls of remove curse {@r2}
 p - 8 scrolls of teleportation {@r4}
 t - 2 scrolls of fear
 u - 2 scrolls of immolation {unknown}
 y - a scroll of blinking
 J - a scroll of summoning {unknown}
 M - a scroll of fog {unknown}
 N - a scroll of noise {unknown}
Potions
 c - a potion of mutation {unknown}
 f - 3 potions of haste {@q3}
 i - 2 potions of heal wounds {@q2}
 n - a potion of brilliance {unknown}
 o - 2 potions of curing {@q1}
 v - 2 potions of invisibility
 w - a potion of berserk rage {unknown}
 z - a potion of might {unknown}
 A - a potion of flight {unknown}
 B - a potion of agility {unknown}
 C - a potion of lignification {unknown}
 F - a potion of cancellation {unknown}
 I - a potion of magic {unknown}
 L - a potion of resistance {unknown}
Comestibles
 e - 19 rations {!d}


   Skills:
 + Level 9.8 Fighting
 + Level 6.9 Axes
 + Level 4.5 Dodging
 - Level 2.0 Stealth
 + Level 4.1 Shields
 - Level 6.0 Spellcasting
 + Level 6.5 Conjurations
 + Level 7.6 Fire Magic
 + Level 4.6 Evocations


You had 10 spell levels left.
You knew the following spells:

 Your Spells              Type           Power        Failure   Level  Hunger
a - Flame Tongue          Conj/Fire      #####        1%          1    None
b - Fireball              Conj/Fire      #####.....   14%         5    #####..
q - Sticky Flame          Conj/Fire      #####...     4%          4    ###....
x - Throw Flame           Conj/Fire      #####.       1%          2    None

Your spell library contained the following spells:

 Spells                   Type           Power        Failure   Level  Hunger
 Conjure Flame            Conj/Fire      #####...     1%          3    #......
 Inner Flame              Hex/Fire       ###.....     6%          3    #......
 Beastly Appendage        Tmut           #.....       9%          1    None
 Sticks to Snakes         Tmut           #.......     14%         2    None
 Spider Form              Tmut/Pois      #.........   26%         3    #......
 Ice Form                 Ice/Tmut       #.......     65%         4    ###....
 Blade Hands              Tmut           #.........   94%         5    #####..


Dungeon Overview and Level Annotations

Branches:
Dungeon (10/15)            Temple (0/1) D:6             Orc (0/2) D:9
   Lair: D:8-11

Altars:
Elyvilon
Fedhas
Gozag
Hepliaklqana
Kikubaaqudgha
Makhleb
Okawaru
Qazlal
Ru
Sif Muna
Trog
Uskayaw
Vehumet

Shops:
D:9 *


Message History

Aim: an orc warrior, wielding an arbalest and wearing a ring mail (moderately You feel a surge of power!
The flame tongue hits the orc warrior.
The orc warrior appears unharmed.
The orc warrior unwields an uncursed arbalest.
The orc warrior hits you but does no damage.
The orc knight roars a battlecry!
The orc warrior goes into a battle-frenzy!
Aim: an orc warrior, wearing a ring mail (moderately wounded, unusually strong)
You feel a surge of power!
The flame tongue hits the orc warrior.
The orc warrior barely misses you.
The orc warrior shoots a bolt.
The bolt hits you.
Aim: an orc warrior, wearing a ring mail (heavily wounded, unusually strong)
You feel a surge of power!
The flame tongue hits the orc warrior.
The orc warrior appears unharmed.
The orc warrior closely misses you.
You don't have enough magic to cast that spell.
a - a +1 hand axe of chopping (weapon)
The orc warrior shoots a bolt.
The bolt barely misses you.
The orc warrior hits you but does no damage.
You hit the orc warrior.
The orc warrior no longer looks unusually strong.
The orc knight roars a battlecry!
The orc warrior goes into a battle-frenzy!
The orc warrior hits you!
* * * LOW HITPOINT WARNING * * *
The orc warrior shoots a bolt.
You block the bolt.
You hit the orc warrior.
The orc warrior no longer looks unusually strong.
The orc knight no longer looks unusually strong.
The orc warrior hits you!!
* * * LOW HITPOINT WARNING * * *
You feel much better.
The orc knight roars a battlecry!
The orc warrior goes into a battle-frenzy!
The orc warrior shoots a bolt.
You block the bolt. The orc warrior hits you.
* * * LOW HITPOINT WARNING * * *
You feel much better. The orc warrior barely misses you.
The orc warrior shoots a bolt.
The bolt completely misses you.
Unknown command.
You hit the orc warrior but do no damage.
The orc warrior hits you!
* * * LOW HITPOINT WARNING * * *
The orc warrior unwields an uncursed arbalest.
The orc warrior hits you!
* * * LOW HITPOINT WARNING * * *
The orc knight roars a battlecry!
The orcs go into a battle-frenzy!
The orc warrior hits you!!
* * * LOW HITPOINT WARNING * * *
You block the orc warrior's attack. The orc warrior hits you!!
You die...

### # ##∩## #
..o #.@(# ..o
≈≈≈..#o.o#..≈≈≈
≈o≈≈...(...≈≈o≈≈
.oo≈.....(.≈oo.≈
≈o≈≈.......≈≈o≈≈
≈≈≈..#...#..≈≈≈.
....##...##.....
#### ##∩## #####
###


You could see 2 orc knights, 3 orc warriors and an orc.

Vanquished Creatures
  Nergalle (D:10)
  Pikel (D:9)
  2 trolls (D:9)
  Prince Ribbit (D:7)
  Grinder (D:5)
  A hippogriff (D:7)
  A spriggan (D:9)
  2 yaks (D:9)
  2 orc warriors
  A slave (D:9)
  A necrophage (D:9)
  2 phantoms
  2 centaurs
  2 wolves (D:9)
  4 ogres
  A crocodile (D:8)
  3 big kobolds
  2 bullfrogs (D:7)
  3 gnoll sergeants (D:9)
  4 water moccasin zombies (Ossuary)
  5 killer bees (D:9)
  4 wights (D:8)
  2 howler monkeys
  A bullfrog zombie (D:9)
  2 jellies
  3 orc priests
  2 centaur skeletons
  2 hounds (D:8)
  5 orc wizards
  An iguana (D:4)
  Ijyb (D:3)
  3 worker ants
  3 big kobold zombies (Ossuary)
  A mummy (Ossuary)
  2 worker ant zombies (D:7)
  9 adders
  4 gnolls (D:8)
  2 oozes
  5 adder zombies (Ossuary)
  An adder skeleton (D:8)
  7 worms
  5 dart slugs
  2 leopard geckos
  22 orcs
  7 giant cockroaches
  4 gnoll zombies (Ossuary)
  10 goblins
  5 hobgoblins
  13 jackals
  3 quokkas
  4 ball pythons
  7 bats
  2 frilled lizards (D:1)
  5 hobgoblin zombies (Ossuary)
  3 kobolds
  6 kobold zombies (Ossuary)
  A leopard gecko skeleton (D:4)
  4 orc zombies (Ossuary)
  A quokka skeleton (D:6)
  11 rats
217 creatures vanquished.

Vanquished Creatures (collateral kills)
  Joseph (D:7)
  Psyche (D:8)
  3 yaks (D:9)
  Grum (D:9)
  An ice beast (D:9)
  2 orc warriors (D:9)
  A hornet zombie (D:9)
  2 sky beasts
  2 ogres (D:9)
  A big kobold (D:8)
  5 bullfrogs
  3 gnoll sergeants (D:9)
  A scorpion (D:5)
  4 killer bees
  A wight (D:8)
  A howler monkey (D:8)
  2 crimson imps
  A bullfrog skeleton (D:6)
  An orc priest (D:7)
  A hound (D:4)
  3 orc wizards
  An iguana (D:10)
  A worker ant (D:6)
  A big kobold zombie (Ossuary)
  A mummy (Ossuary)
  2 adders
  4 adder zombies (Ossuary)
  3 worms (D:8)
  4 leopard geckos
  10 orcs
  A goblin (D:3)
  5 jackals
  2 quokkas
  A frilled lizard (D:3)
  3 kobolds
  An orc zombie (Ossuary)
78 creatures vanquished.

Vanquished Creatures (others)
  3 slaves (D:9)
  A wolf (D:9)
  A hound (D:9)
  3 battlemagi
  4 ancestors
12 creatures vanquished.

Grand Total: 307 creatures vanquished

Notes
Turn   | Place    | Note
-------+----------+-------------------------------------------
     0 | D:1      | MalarOregon the Hill Orc Fire Elementalist began the quest
                  | for the Orb.
     0 | D:1      | Reached XP level 1. HP: 14/14 MP: 3/3
    94 | D:1      | Reached XP level 2. HP: 22/22 MP: 0/4
   460 | D:1      | Reached skill level 1 in Fighting
   651 | D:1      | Reached XP level 3. HP: 27/28 MP: 5/5
  1138 | D:2      | Reached skill level 1 in Axes
  1680 | D:2      | Reached XP level 4. HP: 30/35 MP: 0/6
  2088 | D:2      | Found a hazy altar of Hepliaklqana.
  2226 | D:2      | Became a worshipper of Hepliaklqana the Forgotten
  2253 | D:2      | Found an iron altar of Okawaru.
  2459 | D:3      | Reached XP level 5. HP: 28/36 MP: 0/8
  2526 | D:3      | Reached skill level 2 in Fighting
  2537 | D:3      | Noticed Ijyb
  2555 | D:3      | Killed Ijyb
  2709 | D:3      | Found a radiant altar of Vehumet.
  2824 | D:3      | Found a sacrificial altar of Ru.
  2827 | D:3      | Found a white marble altar of Elyvilon.
  2830 | D:3      | Found an opulent altar of Gozag.
  3087 | D:3      | Learned a level 2 spell: Throw Flame
  3092 | D:3      | Learned a level 4 spell: Sticky Flame
  3194 | D:3      | Reached XP level 6. HP: 45/45 MP: 3/9
  3517 | D:4      | Found a glowing drain.
  3587 | D:4      | Reached * piety under Hepliaklqana
  3616 | D:4      | Found a burning altar of Makhleb.
  3831 | D:4      | Reached skill level 3 in Fighting
  3979 | D:4      | Reached XP level 7. HP: 48/51 MP: 7/11
  4364 | D:5      | Entered Level 5 of the Dungeon
  4376 | D:5      | Noticed Grinder
  4389 | D:5      | Killed Grinder
  4389 | D:5      | Reached skill level 4 in Fighting
  4389 | D:5      | Reached skill level 5 in Fire Magic
  4637 | D:5      | Reached XP level 8. HP: 46/60 MP: 10/13
  4654 | D:5      | Found a sand-covered staircase.
  4659 | Ossuary  | Entered an ossuary
  4872 | Ossuary  | Reached skill level 5 in Fighting
  5319 | Ossuary  | Reached skill level 6 in Fighting
  6215 | D:6      | Found a blossoming altar of Fedhas.
  6236 | D:6      | Reached skill level 7 in Fighting
  6240 | D:6      | Got a scorched diamond amulet
  6386 | D:6      | Reached skill level 5 in Spellcasting
  6600 | D:6      | Reached XP level 9. HP: 71/71 MP: 9/16
  6677 | D:6      | Reached ** piety under Hepliaklqana
  6678 | D:6      | Remembered your ancestor Synnove as a battlemage
  6865 | D:6      | Found a staircase to the Ecumenical Temple.
  6949 | D:6      | Found a sacrificial altar of Ru.
  7298 | D:7      | Reached skill level 8 in Fighting
  7298 | D:7      | Reached skill level 1 in Shields
  7378 | D:7      | Reached skill level 1 in Evocations
  7631 | D:7      | Noticed Prince Ribbit
  8127 | D:7      | Killed Prince Ribbit
  8177 | D:7      | Noticed Joseph
  8267 | D:7      | Killed Joseph
  8267 | D:7      | Reached skill level 5 in Conjurations
  8267 | D:7      | Reached XP level 10. HP: 62/81 MP: 13/18
  8609 | D:8      | Noticed a moth of wrath
  8731 | D:8      | Found a bloodstained altar of Trog.
  8867 | D:8      | Reached *** piety under Hepliaklqana
  8867 | D:8      | Noticed Psyche
  8879 | D:8      | Killed Psyche
  8945 | D:8      | Got a bloodstained scimitar
  9136 | D:8      | Found an ancient bone altar of Kikubaaqudgha.
  9325 | D:8      | Identified the +1 scimitar of Mourning {slice, Dex+6} (You
                  | found it on level 8 of the Dungeon)
  9428 | D:9      | Found Hecid's General Store.
  9436 | D:9      | Identified the amulet "Font" {RegenMP rF++} (You found it
                  | on level 6 of the Dungeon)
  9670 | D:9      | Learned a level 5 spell: Fireball
  9746 | D:9      | Reached skill level 5 in Axes
  9777 | D:9      | Reached skill level 9 in Fighting
  9895 | D:9      | Found a stormy altar of Qazlal.
  9984 | D:9      | Noticed Pikel
  9988 | D:9      | Killed Pikel
 10019 | D:9      | Found a deep blue altar of Sif Muna.
 10066 | D:9      | Reached XP level 11. HP: 68/87 MP: 16/20
 10355 | D:9      | Noticed Grum
 10358 | D:9      | Killed Grum
 10541 | D:9      | Found a hide-covered altar of Uskayaw.
 10593 | D:9      | Found a staircase to the Orcish Mines.
 10650 | D:9      | HP: 3/87 [gnoll sergeant/spear (5)]
 11336 | D:10     | Entered Level 10 of the Dungeon
 11376 | D:10     | Found a flagged portal.
 11381 | D:10     | Noticed Nergalle
 11390 | D:10     | Noticed a spectral orc warlord
 11393 | D:10     | Killed Nergalle
 11400 | Bailey   | Entered a bailey
 11400 | Bailey   | Noticed an orc knight
 11400 | Bailey   | Noticed an orc knight
 11402 | Bailey   | Noticed an orc knight
 11424 | Bailey   | Demolished by an orc warrior

Skill      XL: |  1  2  3  4  5  6  7  8  9 10 11 |
---------------+----------------------------------+-----
Fighting       | 1 2 3 4 7 8 9 |  9.8
Axes           | 1 2 4 6 |  6.9
Dodging        | 2 3 4 |  4.5
Stealth        | 2 |  2.0
Spellcasting   | 2 3 5 6 |  6.0
Conjurations   | 2 3 4 5 6 |  6.5
Fire Magic     | 4 5 6 7 |  7.6
Shields        | 2 4 |  4.1
Evocations     | 2 3 4 |  4.6

Action                   |  1- 3 |  4- 6 |  7- 9 | 10-12 || total
-------------------------+-------+-------+-------+-------++-------
Melee: Unarmed           |    43 |       |       |       ||    43
       Hand axe          |    58 |   122 |   191 |    85 ||   456
 Cast: Flame Tongue      |    39 |    70 |   176 |    98 ||   383
       Throw Flame       |       |       |    17 |    16 ||    33
       Sticky Flame      |       |       |     8 |     6 ||    14
       Fireball          |       |       |       |    18 ||    18
Invok: Recall Ancestor   |       |       |     1 |     1 ||     2
       Ancestor Life: Ba |       |       |     1 |       ||     1
  Use: Scroll            |       |     6 |     1 |     6 ||    13
       Potion            |       |       |       |     2 ||     2
 Stab: Sleeping          |     1 |     3 |     2 |     2 ||     8
       Distracted        |       |       |     1 |     1 ||     2
  Eat: Chunk             |     2 |    10 |    11 |    13 ||    36
       Ration            |       |       |     1 |     1 ||     2
Armor: Robe              |    21 |    22 |    63 |    38 ||   144
Dodge: Dodged            |    89 |   101 |   178 |   117 ||   485
Block: Buckler           |       |       |    15 |    35 ||    50
